 Dungeon Crawl Stone Soup version 0.30-b1-2-g02819fbbbe (webtiles) character file.

Game seed: 934623760235628650

18 Alarkh the Trooper (level 2, 24/24 HPs)
             Began as a Demonspawn Chaos Knight on May 21, 2023.
             Was a Plaything of Xom.
             Got out of the dungeon alive.
             The game lasted 00:00:34 (318 turns).

Alarkh the Trooper (Demonspawn Chaos Knight)         Turns: 318, Time: 00:00:35

Health: 24/24      AC:  6    Str: 12    XL:     2   Next: 51%
Magic:  2/2        EV: 11    Int: 13    God:    Xom [*.....]
Gold:   31         SH:  0    Dex: 12    Spells: 1/1 levels left

rFire   . .          .
                       - Unarmed
rCold   . . .        (no shield)
rNeg    . . .        a - +2 leather armour
rPois   .            (no helmet)
rElec   .            (no cloak)
rCorr   .            d - +0 pair of gloves
SInv    .            (no boots)
Will    .....        (no amulet)
Stlth   +            (no ring)
HPRegen 0.24/turn    (no ring)
MPRegen 0.08/turn

%: no passive effects
@: no status effects
A: sanguine armour 1
a: Renounce Religion


You escaped.
You worshipped Xom.
You were a special plaything of Xom.
You visited 1 branch of the dungeon, and saw 1 of its levels.

You collected 31 gold pieces.

Inventory:

Armour
 a - a +2 leather armour (worn)
 d - a +0 pair of gloves (worn)
Miscellaneous
 b - a piece from Xom's chessboard (15/15) (quivered)


   Skills:
 + Level 3.2 Fighting
 - Level 1.7 Armour
 + Level 1.3 Dodging
 * Level 3.1 Unarmed Combat


You had one spell level left.
You didn't know any spells.
Your spell library was empty.

Dungeon Overview and Level Annotations

Branches:
Dungeon (1/15)

Altars:


Innate Abilities, Weirdness & Mutations

When seriously injured, your blood forms armour. (AC +0)


Message History

Your Unarmed Combat skill increases to level 3!
Found a robe.
Found a stone staircase leading down.
The gnoll barely misses you.
Things that are here:
a +0 club; a goblin corpse You hit the gnoll.
The gnoll is lightly wounded.
The gnoll hits you but does no damage.
You hit the gnoll.
The gnoll is heavily wounded.
The gnoll hits you with a +0 club.
You hit the gnoll.
The gnoll is severely wounded.
The gnoll barely misses you.
You hit the gnoll.
You kill the gnoll!
You have reached level 2!
Your demonic ancestry asserts itself...
You feel your blood ready itself to protect you.
You completely miss the ball python. The ball python closely misses you.
The ball python grabs you. The ball python constricts you.
You hit the ball python but do no damage.
The ball python closely misses you. The ball python constricts you.
You closely miss the ball python.
The ball python bites you but does no damage.
The ball python constricts you.
You completely miss the ball python. You punch the ball python.
You kill the ball python!
Found 5 stones.
Things that are here:
a +0 club; a ball python corpse; a gnoll corpse
Things that are here:
a +0 club; a goblin corpse
There is an open gate here.
There is an open door here.
There is an open door here.
There is an open door here.
There is a staircase leading out of the dungeon here.
Are you sure you want to leave the Dungeon?
This will make you lose the game!
You have escaped!

##............
#...........##
###...##..#...#
#....####....###
#.#.## ##.......
###########........
#...'....♣#..##....
#...####'##..##....
#.@.#♣♣♣.♣#........
#...#♣..♣♣#..##....
#...#.♣♣♣ #........
#####'#####........
#.........##...###.
#.........#..#.....
#.........##.......
#~.......≈#........
#~.~...≈.≈###......


There were no monsters in sight!

Vanquished Creatures
  A gnoll (D:1)
  A ball python (D:1)
  An endoplasm (D:1)
  2 giant cockroaches (D:1)
  2 goblins (D:1)
  A rat (D:1)
8 creatures vanquished.

Notes
Turn   | Place    | Note
-------+----------+-------------------------------------------
     0 | D:1      | Alarkh the Demonspawn Chaos Knight began the quest for the
                  | Orb.
     0 | D:1      | Reached XP level 1. HP: 18/18 MP: 1/1
    91 | D:1      | XOM: divination: magic mapping
   140 | D:1      | Reached skill level 1 in Dodging
   185 | D:1      | Found a faded altar of an unknown god.
   185 | D:1      | Noticed an iron imp
   229 | D:1      | XOM: confusion
   237 | D:1      | Gained mutation: When seriously injured, your blood forms
                  | armour. (AC +0) [demonic ancestry]
   237 | D:1      | Reached XP level 2. HP: 24/24 MP: 2/2
   318 | D:$      | Got out of the dungeon alive.

Illustrated notes

Levels and vault maps discovered:
D:1:      scummos_arrival_gate, layout_rooms,
          dreamdust_ecumenical_altar_sealed_demon

Skill      XL: |  1 |
---------------+----+-----
Dodging        | 1 |  1.3
Unarmed Combat | 3 |  3.1
Fighting       | |  3.2
Armour         | |  1.7

Action                     || total
---------------------------++-------
  Melee: Unarmed           ||    22
         Punch             ||     2
    Use: Potion            ||     1
 Armour: Leather armour    ||     7
  Dodge: Dodged            ||    11
